 Dungeon Crawl Stone Soup version 0.25.1-2-g60ff931df9 (webtiles) character file.

Game seed: 12736044886147537802

1668 DildoBatman the Conjurer (level 9, -1/61 HPs)
             Began as a Formicid Wizard on Oct 5, 2020.
             Slain by a scorpion (3 damage)
             ... on level 8 of the Dungeon.
             The game lasted 00:18:03 (5191 turns).

DildoBatman the Conjurer (Formicid Wizard)          Turns: 5191, Time: 00:18:04

Health: -1/61      AC:  6    Str: 13    XL:     9   Next: 20%
Magic:  13/13      EV: 12    Int: 20    God:
Gold:   344        SH:  0    Dex:  9    Spells: 7/14 levels left

rFire    + . .     SeeInvis +   a - +9 flail of Dissent {holy, rElec}
rCold    . . .     Gourm    .   (no shield)
rNeg     . . .     Faith    .   g - +1 robe
rPois    .         Spirit   .   (helmet unavailable)
rElec    +         Reflect  .   i - +2 cloak
rCorr    .         Harm     .   (no gloves)
MR       .....                  (no boots)
Stlth    ++........             m - amulet of magic regeneration
HPRegen  0.20/turn              p - ring of protection from fire
MPRegen  0.38/turn              (no ring)

@: lethally poisoned (-1 -> -19)
A: permanent stasis, dig shafts and tunnels, four strong arms, antennae 3
a: Dig, Shaft Self


You were on level 8 of the Dungeon.
You were very hungry.

You visited 1 branch of the dungeon, and saw 8 of its levels.

You collected 344 gold pieces.

Inventory:

Hand Weapons
 a - the +9 flail of Dissent (weapon) {holy, rElec}
   (You found it on level 4 of the Dungeon)

   It has been blessed by the Shining One to cause great damage to the undead
   and demons.
   It insulates you from electricity.
 b - a +0 hunting sling
Missiles
 c - 261 stones
 f - 29 bolts
 h - 22 arrows
 o - 12 poisoned darts
 s - 37 sling bullets
 t - 2 atropa-tipped darts (quivered)
 z - 2 boomerangs of dispersal
Armour
 g - a +1 robe (worn)
 i - a +2 cloak (worn)
Jewellery
 m - an amulet of magic regeneration (around neck)
 p - a ring of protection from fire (left hand)
Wands
 D - a wand of disintegration (14)
Scrolls
 k - a scroll of magic mapping {unknown}
 q - a scroll of immolation
 w - a scroll of noise
 x - 4 scrolls of remove curse
 y - a scroll of random uselessness
 A - 4 scrolls of amnesia
 E - a scroll of identify
Potions
 d - 2 potions of haste {unknown}
 e - 5 potions of curing {unknown}
 j - a potion of flight {unknown}
 l - a potion of resistance {unknown}
 r - 2 potions of stabbing {unknown}
 u - a potion of brilliance {unknown}
 B - a potion of magic {unknown}
 C - a potion of lignification {unknown}
Comestibles
 v - 15 rations


   Skills:
 * Level 2.1 Fighting
 * Level 2.0 Armour
 * Level 2.6 Dodging
 - Level 2.4 Stealth
 - Level 3.2 Spellcasting
 - Level 6.0 Conjurations
   Level 1.0 Summonings
   Level 0.8 Translocations
 - Level 5.0 Fire Magic
 - Level 5.0 Air Magic


You had 7 spell levels left.
You knew the following spells:

 Your Spells              Type           Power        Failure   Level  Hunger
a - Conjure Flame         Conj/Fire      ####....     4%          3    ###....
c - Magic Dart            Conj           ####         1%          1    None
e - Mephitic Cloud        Conj/Pois/Air  ###.....     10%         3    ###....

Your spell library contained the following spells:

 Spells                   Type           Power        Failure   Level  Hunger
 Apportation              Tloc           #.....       10%         1    None
 Summon Small Mammal      Summ           #...         10%         1    None
 Animate Skeleton         Necr           N/A          14%         1    None
 Corona                   Hex            #......      14%         1    None
 Call Imp                 Summ           #.......     14%         2    ##.....
 Slow                     Hex            #.......     22%         2    ##.....
 Blink                    Tloc           Unusable     N/A         2    N/A

Dungeon Overview and Level Annotations

Branches:
Dungeon (6/15)
 Temple: D:4-7

Altars:
Makhleb
Okawaru
Qazlal
Trog
Wu Jian
Zin

Annotations:
D:3 1 exclusion, Eustachio
D:4 exclusions: ogre and sensed monster (detected), Blork the orc


Innate Abilities, Weirdness & Mutations

You cannot be hasted, slowed, berserked, paralysed or teleported.
You can dig through walls and to a lower floor.
Your four strong arms can wield two-handed weapons with a shield.
You have a pair of large antennae on your head. (SInv)


Message History

t - Shout!
Orders for allies: a - Attack new target. r - Retreat! s - Stop attacking. g - Guard the area. f - Follow me.
Anything else - Cancel.
You shout for attention!
You feel sick. The scorpion barely misses you. The scorpion stings you.
The orc warrior barely misses you. What are your orders? t - Shout!
Orders for allies: a - Attack new target. r - Retreat! s - Stop attacking. g - Guard the area. f - Follow me.
Anything else - Cancel.
You shout for attention!
You feel sick. The scorpion stings you.
You die... .. ..#.. .#+.#.# ...... ....# ..oo oo#

{#s# #@#
......s....+
#..#..#.#.##
..........
..... ..#
#.#
#..#..### .#
#..# . # #.
..


You could see an orc warrior, 2 scorpions, an orc priest and 2 orcs.

Vanquished Creatures
  Grinder (D:5)
  An ice beast (D:4)
  3 ogres
  A necrophage (D:6)
  A bullfrog (D:6)
  2 scorpions (D:5)
  3 crimson imps
  3 orc priests (D:6)
  2 hounds
  A centaur zombie (D:6)
  A centaur skeleton (D:4)
  9 orc wizards
  A bullfrog skeleton (D:5)
  An iguana (D:4)
  7 worker ants
  A worker ant zombie (D:5)
  8 adders
  A gnoll (D:3)
  2 shadow imps
  2 oozes
  2 adder zombies
  2 worms
  4 leopard geckos
  12 orcs
  2 ball pythons
  9 giant cockroaches
  9 goblins
  9 hobgoblins
  11 jackals
  8 kobolds
  3 quokkas
  5 bats
  2 frilled lizards
  A giant cockroach zombie (D:5)
  A quokka zombie (D:6)
  9 rats
140 creatures vanquished.

Notes
Turn   | Place    | Note
-------+----------+-------------------------------------------
     0 | D:1      | DildoBatman the Formicid Wizard began the quest for the
                  | Orb.
     0 | D:1      | Reached XP level 1. HP: 13/13 MP: 4/4
    62 | D:1      | Reached skill level 1 in Conjurations
   195 | D:1      | Reached XP level 2. HP: 7/19 MP: 1/6
   326 | D:1      | Reached skill level 2 in Conjurations
   582 | D:1      | Reached XP level 3. HP: 16/24 MP: 3/7
  1019 | D:2      | Reached skill level 3 in Conjurations
  1063 | D:2      | Reached XP level 4. HP: 30/30 MP: 5/8
  1290 | D:2      | Learned a level 3 spell: Conjure Flame
  1294 | D:2      | Learned a level 3 spell: Mephitic Cloud
  1709 | D:3      | Found an ornate altar of the Wu Jian Council.
  1755 | D:3      | Found a burning altar of Makhleb.
  2096 | D:3      | Found a bloodstained altar of Trog.
  2253 | D:3      | Reached skill level 4 in Conjurations
  2253 | D:3      | Reached XP level 5. HP: 28/35 MP: 3/9
  2679 | D:4      | Got a crystal flail
  2680 | D:4      | Identified the +9 flail of Dissent {holy, rElec} (You found
                  | it on level 4 of the Dungeon)
  2690 | D:4      | Noticed Eustachio
  2937 | D:4      | Reached skill level 5 in Conjurations
  2937 | D:4      | Reached XP level 6. HP: 20/41 MP: 5/10
  3030 | D:4      | Noticed an ogre
  3060 | D:4      | Noticed an ice beast
  3088 | D:4      | Killed an ice beast
  3088 | D:4      | Reached skill level 1 in Fire Magic
  3088 | D:4      | Reached skill level 1 in Air Magic
  3139 | D:4      | Reached XP level 7. HP: 46/46 MP: 7/11
  3527 | D:5      | Entered Level 5 of the Dungeon
  3544 | D:5      | Found a glowing silver altar of Zin.
  3544 | D:5      | Noticed Blork the orc
  3759 | D:5      | Reached skill level 6 in Conjurations
  3878 | D:5      | Reached XP level 8. HP: 48/52 MP: 3/12
  3932 | D:5      | Noticed Grinder
  3943 | D:5      | Killed Grinder
  4068 | D:5      | Found a stormy altar of Qazlal.
  4460 | D:6      | Found an iron altar of Okawaru.
  4523 | D:6      | Reached skill level 5 in Fire Magic
  4711 | D:6      | Reached skill level 5 in Air Magic
  4711 | D:6      | Reached XP level 9. HP: 49/57 MP: 2/13
  4818 | D:6      | Reached skill level 1 in Fighting
  4818 | D:6      | Reached skill level 1 in Armour
  5128 | D:6      | You fall into a shaft and drop 1 floor!
  5169 | D:7      | You fall into a shaft and drop 1 floor!
  5191 | D:8      | HP: 2/61 [poisoned by a scorpion]
  5191 | D:8      | Slain by a scorpion

Illustrated notes

Levels and vault maps discovered:
D:1:      matt_arrival_diagonals, layout_rooms, st_stairs_6
D:2:      layout_basic, first_ration
D:3:      minmay_goblin_kobold_castle, layout_loops_ring, lemuel_doored_altar,
          lemuel_round_altar, nicolae_overflow_crystal_walls,
          minmay_fractal_squares_gapless_5
D:4:      layout_loops_ring, uniq_eustachio
D:5:      layout_rooms, marbit_many_paths, overflow_temple_1_default,
          abandoned_shop, uniq_grinder, uniq_blork_the_orc
D:6:      lemuel_ice_spiral_2, layout_basic, minmay_crystal_room,
          okawaru_gym_becter
D:7:      layout_basic, fiery_altar_vehumet, lemuel_round_altar,
          minmay_temple_entry_glass
D:8:      layout_basic, serial_bayou, serial_bayou_pond_c, serial_bayou_pond_e,
          serial_bayou_pond_c, serial_bayou_pond_d, enter_bailey_3,
          serial_shops, nicolae_shop_waterfront, grunt_tough_drop

Skill      XL: |  1  2  3  4  5  6  7  8  9 |
---------------+----------------------------+-----
Conjurations   | 1 2 3 4 5 6 |  6.0
Fire Magic     | 1 3 5 |  5.0
Air Magic      | 1 2 5 |  5.0
Dodging        | 2 |  2.6
Fighting       | 2 |  2.1
Armour         | 2 |  2.0
Stealth        | |  2.4
Spellcasting   | |  3.2
Summonings     | |  1.0
Translocations | |  0.8

Action                   |  1- 3 |  4- 6 |  7- 9 || total
-------------------------+-------+-------+-------++-------
Melee: Short sword       |     7 |       |       ||     7
       Unarmed           |     2 |       |       ||     2
       Whip              |       |    14 |       ||    14
       Flail             |       |    21 |    93 ||   114
 Fire: Hunting sling     |       |    36 |    29 ||    65
Throw: Dart              |       |     5 |       ||     5
 Cast: Magic Dart        |    70 |    85 |    51 ||   206
       Mephitic Cloud    |       |     3 |    19 ||    22
       Conjure Flame     |       |     4 |     8 ||    12
 Abil: Dig               |     2 |     1 |     6 ||     9
       Shaft Self        |       |       |     2 ||     2
  Use: Scroll            |       |     4 |     6 ||    10
 Stab: Sleeping          |     1 |     3 |     1 ||     5
       Confused          |       |       |     2 ||     2
  Eat: Chunk             |     1 |     7 |    11 ||    19
Armor: Robe              |     4 |    17 |    38 ||    59
Dodge: Dodged            |    22 |    26 |    73 ||   121
